 Dungeon Crawl Stone Soup version 0.17.1-1-g73c8601 (webtiles) character file.

1876 Implojin the Grappler (level 8, -5/74 HPs)
             Began as a Troll Fighter on Apr 9, 2016.
             Was a Priest of Okawaru.
             Slain by a black mamba (10 damage)
             ... on level 2 of the Lair of Beasts.
             The game lasted 00:07:13 (1231 turns).

Implojin the Grappler (Troll Fighter)               Turns: 1231, Time: 00:07:13

Health: -5/74      AC:  6    Str: 25    XL:     8   Next: 91%
Magic:  5/7        EV: 12    Int:  4    God:    Okawaru [***...]
Gold:   0          SH: 11    Dex: 11    Spells: 0 memorised, 7 levels left

rFire  . . .     SeeInvis .       - Unarmed
rCold  . . .     Clarity  .     a - +0 robe
rNeg   . . .     SustAt   .     b - +0 shield
rPois  .         Gourm    +     (helmet restricted)
rElec  .         Spirit   .     h - +0 cloak
rCorr  .         Warding  .     (gloves unavailable)
rMut   .         Stasis   .     (boots unavailable)
MR     .....                    (no amulet)
Stlth  ++........               (no ring)
                                (no ring)

@: lethally poisoned (-5 -> -18), heroism, not resistant to hostile
enchantments, unstealthy
A: unfitting armour, claws 3, fast metabolism 3, gourmand, regeneration 2,
shaggy fur 1, tough skin 2
a: Heroism, Renounce Religion


You were on level 2 of the Lair of Beasts.
You worshipped Okawaru.
Okawaru was most pleased with you.
You were not hungry.

You visited 2 branches of the dungeon, and saw 13 of its levels.

Inventory:

Hand Weapons
 m - a +0 flail
 s - a +0 morningstar
Armour
 a - a +0 robe (worn)
 b - a +0 shield (worn)
 h - a +0 cloak (worn)
Wands
 f - a wand of flame (21)
Scrolls
 e - a scroll of teleportation
 g - 3 scrolls of remove curse {unknown}
 j - a scroll of fog
 n - a scroll of enchant weapon
 q - a scroll of acquirement
 r - a scroll of fear
Potions
 k - a potion of curing
 l - a potion of cancellation
Books
 o - a book of Changes

   Spells                             Type                      Level
   a - Beastly Appendage              Transmutation                1
   b - Sticks to Snakes               Transmutation                2
   c - Spider Form                    Transmutation/Poison         3
   d - Ice Form                       Ice/Transmutation            4
   e - Blade Hands                    Transmutation                5
Comestibles
 d - 6 bread rations
 p - 3 meat rations


   Skills:
 - Level 2.4(7.4) Fighting
 - Level 2.4(7.4) Dodging
 - Level 2.4(7.4) Shields
 * Level 11.5(16.5) Unarmed Combat


You had 7 spell levels left.
You didn't know any spells.

Dungeon Overview and Level Annotations

Branches:
Dungeon (11/15)            Temple (0/1) D:5            Lair (2/8) D:11
    Orc: D:9-12

Altars:
Ashenzari
Gozag
Nemelex Xobeh
Okawaru

Shops:
D:8 %

Annotations:
Lair:2 Nergalle


Innate Abilities, Weirdness & Mutations

You are too large for most types of armour.
You have claws for hands.
Your metabolism is lightning-fast.
You like to eat raw meat.
You heal very quickly.
You are covered in fur (AC +1).
You have very tough skin (AC +2).


Message History

The black mamba bites you.
* * * LOW HITPOINT WARNING * * *
You mangle the black mamba!!
You kill the black mamba!
Okawaru accepts your kill.
Your base Unarmed Combat skill increases to level 11!
You see here a black mamba corpse.
You see here a black mamba corpse.
Found a lumpy red potion.
A spiny frog comes into view.
You feel like a meek peon again.
A black mamba comes into view.
The black mamba hisses angrily.
Something bites the plant.
Found a murky white potion.
Found a stone staircase leading down.
You fail to use your ability.
You gain the combat prowess of a mighty hero.
You block the black mamba's attack. x2
You barely miss the black mamba. The black mamba bites you!
* * * LOW HITPOINT WARNING * * *
You mangle the black mamba!!
The black mamba is heavily wounded.
The black mamba bites you!
* * * LOW HITPOINT WARNING * * *
You are poisoned.
The black mamba poisons you!
You claw the black mamba!
The black mamba is almost dead.
You feel sick. The black mamba bites you!
* * * LOW HITPOINT WARNING * * *
You are lethally poisoned!
The black mamba poisons you!
Drink which item? (? for menu, Esc to quit)
Okay, then.
You closely miss the black mamba.
The black mamba is almost dead.
* * * LOW HITPOINT WARNING * * *
You feel sick. The black mamba bites you!
You die...

###.....# .# ........#
.## .. ##.##..####
#..### #..
.#####....##.....####...
P# ##..##...#.........
.# #.......##........ ..
##....####........ ...
#.......#P........ ...#
#.........S@#
............##..##
..#.......P####...!...
###......# ........
##....S# #........
#...... ......... #
#.... ..>.#P.... .##...
....#..##. ...%.. ....#


You could see a black mamba.

Vanquished Creatures
  An elephant (D:11)
  A black mamba (Lair:2)
  A yak (D:11)
  Menkaure (D:7)
  A centaur (D:8)
  An ogre (D:5)
  2 crocodiles (D:11)
  2 giant frogs
  A scorpion (D:7)
  3 crimson imps
  An orc wizard (D:5)
  2 hounds
  3 giant frog skeletons
  2 centaur skeletons (D:8)
  2 iguanas
  A worker ant (D:4)
  2 hound skeletons
  Robin (D:3)
  4 adders
  A worm (D:5)
  5 orcs
  5 hobgoblins
  3 jackals (D:2)
  4 kobolds
  A bat (D:1)
  2 giant cockroaches
  A giant newt (D:6)
  10 goblins
  7 rats (D:1)
71 creatures vanquished.

Notes
Turn   | Place    | Note
--------------------------------------------------------------
     0 | D:1      | Implojin the Troll Fighter began the quest for the Orb.
     0 | D:1      | Reached XP level 1. HP: 22/22 MP: 0/0
    36 | D:1      | Reached XP level 2. HP: 25/29 MP: 1/1
    71 | D:2      | Reached skill level 3 in Unarmed Combat
   192 | D:2      | Reached XP level 3. HP: 26/36 MP: 2/2
   311 | D:3      | Noticed Robin
   372 | D:3      | Killed Robin
   372 | D:3      | Reached skill level 4 in Unarmed Combat
   421 | D:4      | Reached XP level 4. HP: 39/44 MP: 3/3
   443 | D:5      | Entered Level 5 of the Dungeon
   443 | D:5      | Found a shattered altar of Ashenzari.
   450 | D:5      | Found an opulent altar of Gozag.
   484 | D:5      | Noticed an ogre
   490 | D:5      | Killed an ogre
   490 | D:5      | Reached skill level 5 in Unarmed Combat
   490 | D:5      | Reached XP level 5. HP: 18/50 MP: 4/4
   514 | D:5      | Found an iron altar of Okawaru.
   521 | D:5      | Became a worshipper of Warmaster Okawaru
   540 | D:4      | Reached skill level 6 in Unarmed Combat
   580 | D:5      | Found a sparkling altar of Nemelex Xobeh.
   617 | D:5      | Found a staircase to the Ecumenical Temple.
   633 | D:5      | Reached XP level 6. HP: 59/59 MP: 5/5
   645 | D:5      | You fall through a shaft!
   676 | D:5      | Noticed an ogre
   684 | D:7      | Reached skill level 7 in Unarmed Combat
   707 | D:7      | Reached * piety under Okawaru
   758 | D:7      | Noticed Menkaure
   765 | D:7      | Killed Menkaure
   765 | D:7      | Reached skill level 8 in Unarmed Combat
   765 | D:7      | Reached XP level 7. HP: 63/66 MP: 3/6
   922 | D:8      | Found Piukly's Food Boutique.
   945 | D:8      | Found an iron altar of Okawaru.
   981 | D:8      | Reached skill level 9 in Unarmed Combat
   988 | D:10     | Entered Level 10 of the Dungeon
  1051 | D:11     | Found a staircase to the Lair.
  1051 | D:11     | Noticed an elephant
  1051 | D:11     | Noticed a yak
  1062 | D:11     | Killed a yak
  1062 | D:11     | Reached ** piety under Okawaru
  1062 | D:11     | Reached XP level 8. HP: 74/74 MP: 4/7
  1068 | D:11     | Killed an elephant
  1068 | D:11     | Reached skill level 10 in Unarmed Combat
  1094 | Lair:1   | Entered Level 1 of the Lair of Beasts
  1123 | Lair:2   | Reached *** piety under Okawaru
  1132 | Lair:2   | Noticed Nergalle
  1137 | Lair:2   | Identified a scroll of acquirement
  1168 | Lair:2   | Noticed a black mamba
  1182 | Lair:2   | Killed a black mamba
  1182 | Lair:2   | Reached skill level 11 in Unarmed Combat
  1201 | Lair:2   | Noticed a spiny frog
  1221 | Lair:2   | Noticed a black mamba
  1231 | Lair:2   | Slain by a black mamba

Action                   |  1- 3 |  4- 6 |  7- 9 || total
-------------------------+-------+-------+-------++-------
Melee: Unarmed           |   101 |    71 |    62 ||   234
Invok: Heroism           |       |     1 |     3 ||     4
  Use: Potion            |       |       |     1 ||     1
       Scroll            |       |       |     7 ||     7
 Stab: Sleeping          |       |     1 |     1 ||     2
  Eat: Chunk             |     8 |     3 |     2 ||    13

Table legend:
 A = Turns spent in this place as a percentage of turns spent in the entire game.
 B = Non-inter-level travel turns spent in this place as a percentage of non-inter-level travel turns spent in the entire game.
 C = Inter-level travel turns spent in this place as a percentage of turns spent in this place.
 D = Turns resting spent in this place as a percentage of non-inter-level travel turns spent in this place.
 E = Turns spent auto-exploring this place as a percentage of non-inter-level travel turns spent in this place.
 F = Non-inter-level travel turns spent in this place divided by the number of levels of this place that you've seen.
                   A       B       C       D       E      F
               +-------+-------+-------+-------+-------+----------------------
         Total | 100.0 | 100.0 |   0.0 |   0.0 |   0.0 |  91.8
       Dungeon |  88.1 |  88.1 |   0.0 |   0.0 |   0.0 |  95.6
          Lair |  11.9 |  11.9 |   0.0 |   0.0 |   0.0 |  71.0
               +-------+-------+-------+-------+-------+----------------------

Table legend:
 A = Kills in this place as a percentage of kills in entire the game.
 B = Kills by you in this place as a percentage of kills by you in the entire game.
 C = Kills by friends in this place as a percentage of kills by friends in the entire game.
 D = Other kills in this place as a percentage of other kills in the entire game.
 E = Experience gained in this place as a percentage of experience gained in the entire game.
 F = Experience gained in this place divided by the number of levels of this place that you have seen.
                   A       B       C       D       E      F
               +-------+-------+-------+-------+-------+----------------------
         Total | 100.0 | 100.0 |  -nan |  -nan | 100.0 | 206.2
       Dungeon |  95.8 |  95.8 |  -nan |  -nan |  79.1 | 192.8
          Lair |   4.2 |   4.2 |  -nan |  -nan |  20.9 | 280.0
               +-------+-------+-------+-------+-------+----------------------
